 Dungeon Crawl Stone Soup version 0.21-a0-496-g696f58f (webtiles) character file.

46408 hairmachine the Martial Artist (level 14, -32/118 HPs)
             Began as a Gnoll Transmuter on Nov 23, 2017.
             Was a High Priest of Wu Jian.
             Annihilated by a very large slime creature (53 damage)
             ... on level 12 of the Dungeon on Nov 24, 2017.
             The game lasted 02:15:46 (26429 turns).

hairmachine the Martial Artist (Gnoll Transmuter)  Turns: 26429, Time: 02:15:46

Health: -32/118    AC: 15    Str: 16    XL:     14   Next: 37%
Magic:  36/37      EV: 17    Int: 19    God:    Wu Jian [*****.]
Gold:   1104       SH:  0    Dex: 14    Spells: 8/33 levels left

rFire    . . .     SeeInvis .     - Unarmed
rCold    . . .     Gourm    .   (shield currently unavailable)
rNeg     . . .     Faith    .   q - +1 swamp dragon scales
rPois    +         Spirit   .   (no helmet)
rElec    .         Reflect  .   S - +0 cloak
rCorr    .         Harm     .   (gloves currently unavailable)
MR       +....                  J - +0 pair of boots
Stlth    +++.......             (no amulet)
HPRegen  0.29/turn              P - ring of wizardry
MPRegen  0.25/turn              K - ring of magical power

@: blade hands
A: distributed training, fangs 1, slimy green scales 1, clumsy 1, robust 1,
strong 1, strong nose
a: End Transformation, Serpent's Lash, Heavenly Storm, Renounce Religion


You were on level 12 of the Dungeon.
You worshipped Wu Jian.
Wu Jian was extremely pleased with you.
You were not hungry.
You had blades for hands.
You visited 3 branches of the dungeon, and saw 19 of its levels.

You collected 1104 gold pieces.

Inventory:

Missiles
 a - 422 arrows
 k - 432 stones (quivered)
 s - 13 javelins
 y - 4 silver tomahawks
 C - 7 silver javelins
Armour
 q - +1 swamp dragon scales (worn)
 J - a +0 pair of boots (worn)
 S - a +0 cloak (worn)
 U - a +0 buckler (melded)
Jewellery
 B - an uncursed ring of flight {unknown}
 K - a ring of magical power (right scythe-like blade)
 P - a ring of wizardry (left scythe-like blade)
Wands
 r - a wand of polymorph (15)
 u - a wand of flame (8)
 A - a wand of digging (7)
 D - a wand of scattershot (5)
 L - a wand of disintegration (43)
 N - a wand of paralysis (8)
 V - a wand of acid (13)
 W - a wand of enslavement (9)
Scrolls
 e - 3 scrolls of blinking
 f - 2 scrolls of magic mapping
 i - 4 scrolls of remove curse
 o - 5 scrolls of teleportation
 v - 2 scrolls of holy word
 F - 3 scrolls of amnesia
 G - 2 scrolls of enchant weapon
 H - 2 scrolls of fog
 O - 8 scrolls of identify
Potions
 b - 2 potions of flight
 g - 2 potions of heal wounds
 j - 13 potions of curing
 m - 4 potions of might
 p - a potion of berserk rage
 w - a potion of invisibility
 z - 2 potions of brilliance {unknown}
 E - a potion of agility
 Q - 4 potions of lignification {unknown}
 R - a potion of resistance {unknown}
 Z - a potion of haste {unknown}
Books
 c - a book of Changes

   Spells                             Type                      Level
   a - Beastly Appendage              Transmutation                1
   b - Sticks to Snakes               Transmutation                2
   c - Spider Form                    Transmutation/Poison         3
   d - Ice Form                       Ice/Transmutation            4
   e - Blade Hands                    Transmutation                5
 l - a book of Dreams

   Spells                             Type                      Level
   a - Ensorcelled Hibernation        Hexes/Ice                    2
   b - Silence                        Hexes/Air                    5
   c - Darkness                       Hexes                        6
   d - Shadow Creatures               Summoning                    6
 t - a book of Necromancy

   Spells                             Type                      Level
   a - Pain                           Necromancy                   1
   b - Animate Skeleton               Necromancy                   1
   c - Vampiric Draining              Necromancy                   3
   d - Regeneration                   Charms/Necromancy            3
   e - Animate Dead                   Necromancy                   4
   f - Control Undead                 Necromancy                   4
 I - a book of Flames

   Spells                             Type                      Level
   a - Flame Tongue                   Conjuration/Fire             1
   b - Throw Flame                    Conjuration/Fire             2
   c - Conjure Flame                  Conjuration/Fire             3
   d - Inner Flame                    Hexes/Fire                   3
   e - Sticky Flame                   Conjuration/Fire             4
   f - Fireball                       Conjuration/Fire             5
 M - a book of Burglary

   Spells                             Type                      Level
   a - Swiftness                      Charms/Air                   2
   b - Passwall                       Transmutation/Earth          2
   c - Passage of Golubria            Translocation                4
   d - Lee's Rapid Deconstruction     Earth                        5
   e - Darkness                       Hexes                        6
   f - Invisibility                   Hexes                        6
 T - a book of Cantrips

   Spells                             Type                      Level
   a - Confusing Touch                Hexes                        1
   b - Animate Skeleton               Necromancy                   1
   c - Summon Small Mammal            Summoning                    1
   d - Apportation                    Translocation                1
Comestibles
 d - 9 bread rations
 h - 5 meat rations
 n - 10 fruits
 x - 3 chunks of flesh
 X - 2 royal jellies


   Skills:
 + Level 9.4 Fighting
 + Level 9.0 Short Blades
 + Level 9.0 Long Blades
 + Level 9.0 Axes
 + Level 9.0 Maces & Flails
 + Level 9.0 Polearms
 + Level 9.0 Staves
 + Level 9.0 Slings
 + Level 9.0 Bows
 + Level 9.0 Crossbows
 + Level 9.0 Throwing
 + Level 9.0 Armour
 + Level 10.1 Dodging
 + Level 9.0 Stealth
 + Level 9.0 Shields
 + Level 11.0 Unarmed Combat
 + Level 10.3 Spellcasting
 + Level 7.5 Conjurations
 + Level 7.5 Hexes
 + Level 7.5 Charms
 + Level 7.5 Summonings
 + Level 7.5 Necromancy
 + Level 7.5 Translocations
 + Level 8.5 Transmutations
 + Level 7.5 Fire Magic
 + Level 7.5 Ice Magic
 + Level 7.5 Air Magic
 + Level 7.5 Earth Magic
 + Level 7.5 Poison Magic
 + Level 9.8 Invocations
 + Level 9.0 Evocations


You had 8 spell levels left.
You knew the following spells:

 Your Spells              Type           Power        Failure   Level  Hunger
a - Blade Hands           Tmut           #####.....   21%         5    #####..
b - Sticks to Snakes      Tmut           #####...     4%          2    None
d - Conjure Flame         Conj/Fire      #####...     8%          3    None
e - Regeneration          Chrm/Necr      #####.....   8%          3    None
f - Ice Form              Ice/Tmut       #####...     12%         4    ##.....
g - Passage of Golubria   Tloc           N/A          14%         4    ##.....
h - Sticky Flame          Conj/Fire      #####...     14%         4    ##.....


Dungeon Overview and Level Annotations

Branches:
Dungeon (12/15)            Temple (1/1) D:6            Lair (6/6) D:11
  Swamp (0/4) Lair:4       Spider (0/4) Lair:3        Slime (0/5) Lair:5
    Orc (0/2) D:9

Altars:
Ashenzari
Cheibriados
Dithmenos
Elyvilon
Fedhas
Gozag
Hepliaklqana
Kikubaaqudgha
Makhleb
Nemelex Xobeh
Okawaru
Qazlal
Ru
Sif Muna
Trog
Uskayaw
Vehumet
Wu Jian
Xom
Yredelemnul
Zin
The Shining One

Shops:
D:4 [

Annotations:
D:3 exclusion: 2 downstairs
D:4 exclusions: door and 2 downstairs
D:9 exclusion: downstairs
Lair:1 exclusions: downstairs and 2 oklob plants, Nergalle
Lair:3 exclusion: 2 downstairs
Lair:4 exclusion: oklob plant
Lair:5 exclusions: downstairs and 2 oklob plants
Lair:6 exclusion: 2 oklob plants


Innate Abilities, Weirdness & Mutations

Your experience applies equally to all skills.
You have very sharp teeth.
Your uncanny sense of smell can sniff out nearby items.
You are partially covered in slimy green scales. (AC +2)
You are clumsy. (Dex -2)
You are robust. (+10% HP)
Your muscles are strong. (Str +2)


Message History

The very large slime creature is engulfed in blazing flames.
The very large slime creature hits you!!!
* * * LOW HITPOINT WARNING * * *
You hear a shout!
The very large slime creature is engulfed in blazing flames.
The very large slime creature barely misses you.
You slice the very large slime creature!!
You bite the very large slime creature.
The very large slime creature is severely wounded.
The very large slime creature is engulfed in blazing flames.
The very large slime creature closely misses you.
The very large slime creature is engulfed in blazing flames.
Found 27 bolts.
Found a leather armour.
An ogre comes into view. It is wielding a giant club.
You spin and attack the very large slime creature.
You slash the very large slime creature!
The very large slime creature is almost dead.
The very large slime creature hits you!!!
You die...

#####....... ......[...
........# .......#
O.....### #. ......(#
#. ##########......#
#.. #........#......#
#.. #..<.....#J@....##
#.:.#........#.........
#...####'#####.........
#..$...................
#.....###############..
#.....# . ####..# #..#
#..#


You could see a very large slime creature (pinned) and an ogre.

Vanquished Creatures
  A fire dragon (Lair:6)
  2 hydras (Lair:6)
  A two-headed ogre (D:11)
  3 death yaks
  A queen ant (Lair:2)
  Sonja (D:10)
  A fire crab (Lair:6)
  A swamp dragon (Lair:6)
  2 ugly things
  2 wolf spiders (Lair:6)
  6 elephants (Lair:6)
  12 black mambas
  A guardian serpent (Lair:6)
  7 spiny frogs
  8 komodo dragons
  4 rime drakes
  A polar bear (Lair:4)
  A troll (D:11)
  The ghost of Typee the Magician, an amateur GnWn of Zin (D:5)
  20 blink frogs
  3 slime creatures (D:12)
  2 hornets (Lair:6)
  6 hippogriffs
  4 dream sheep (Lair:6)
  12 wyverns
  35 yaks
  A steam dragon (Lair:6)
  A hungry ghost (D:7)
  3 basilisks
  An acid dragon (Lair:6)
  13 soldier ants (Lair:2)
  16 water moccasins
  A swamp drake (Lair:6)
  4 orc warriors
  7 porcupines
  A phantom (D:4)
  10 ice beasts
  3 sky beasts
  5 wolves (Lair:3)
  10 ogres
  9 centaurs
  16 crocodiles
  13 bullfrogs
  A water moccasin zombie (D:8)
  3 scorpions
  10 killer bees
  2 howler monkeys
  6 electric eels
  3 crimson imps
  2 quasits
  A centaur zombie (D:9)
  2 hounds
  3 jellies
  A centaur skeleton (D:5)
  2 orc priests
  2 bullfrog skeletons
  7 orc wizards
  3 iguanas
  34 worker ants
  A killer bee zombie (D:6)
  2 hound zombies
  2 hound skeletons (D:8)
  A worker ant zombie (D:9)
  10 gnolls
  8 adders
  3 shadow imps
  An ooze (D:4)
  3 adder skeletons
  4 worms
  5 dart slugs
  5 leopard geckos
  22 orcs
  2 ball pythons
  3 giant cockroaches
  2 gnoll zombies (D:5)
  6 goblins
  10 hobgoblins
  16 jackals
  4 quokkas
  A ball python skeleton (D:5)
  10 bats
  5 frilled lizards
  13 kobolds
  8 rats
481 creatures vanquished.

Vanquished Creatures (collateral kills)
  A water moccasin (Lair:6)
  A jackal (D:4)
2 creatures vanquished.

Vanquished Creatures (others)
  A bush (Lair:2)
  30 fungi
  34 plants
65 creatures vanquished.

Grand Total: 548 creatures vanquished

Notes
Turn   | Place    | Note
-------+----------+-------------------------------------------
     0 | D:1      | hairmachine the Gnoll Transmuter began the quest for the Orb.
     0 | D:1      | Reached XP level 1. HP: 17/17 MP: 6/6
   155 | D:1      | Reached XP level 2. HP: 22/23 MP: 5/7
   464 | D:1      | Reached XP level 3. HP: 24/28 MP: 7/9
   572 | D:1      | Reached skill level 5 in Spellcasting
   969 | D:2      | Reached skill level 1 in Invocations
  1161 | D:2      | Learned a level 2 spell: Sticks to Snakes
  1165 | D:2      | Learned a level 3 spell: Spider Form
  1339 | D:2      | Reached skill level 1 in Short Blades
  1339 | D:2      | Reached skill level 1 in Long Blades
  1339 | D:2      | Reached skill level 1 in Axes
  1339 | D:2      | Reached skill level 1 in Maces & Flails
  1339 | D:2      | Reached skill level 1 in Polearms
  1339 | D:2      | Reached skill level 1 in Staves
  1339 | D:2      | Reached skill level 1 in Slings
  1339 | D:2      | Reached skill level 1 in Bows
  1339 | D:2      | Reached skill level 1 in Crossbows
  1339 | D:2      | Reached skill level 1 in Throwing
  1339 | D:2      | Reached skill level 1 in Armour
  1339 | D:2      | Reached skill level 1 in Stealth
  1339 | D:2      | Reached skill level 1 in Shields
  1339 | D:2      | Reached skill level 1 in Evocations
  1486 | D:2      | Reached XP level 4. HP: 34/34 MP: 9/11
  2315 | D:3      | Reached skill level 1 in Conjurations
  2315 | D:3      | Reached skill level 1 in Hexes
  2315 | D:3      | Reached skill level 1 in Charms
  2315 | D:3      | Reached skill level 1 in Summonings
  2315 | D:3      | Reached skill level 1 in Necromancy
  2315 | D:3      | Reached skill level 1 in Translocations
  2315 | D:3      | Reached skill level 1 in Fire Magic
  2315 | D:3      | Reached skill level 1 in Ice Magic
  2315 | D:3      | Reached skill level 1 in Air Magic
  2315 | D:3      | Reached skill level 1 in Earth Magic
  2315 | D:3      | Reached skill level 1 in Poison Magic
  2691 | D:3      | Reached XP level 5. HP: 40/40 MP: 8/12
  3186 | D:4      | Found Vemetial's Antique Armour Shoppe.
  3285 | D:4      | Reached XP level 6. HP: 44/47 MP: 9/13
  3458 | D:4      | Reached skill level 5 in Dodging
  3714 | D:4      | Got a pitted leather armour
  3724 | D:4      | Identified the cursed +0 leather armour of Gozag's Benevolence {rF+ Stlth+} (You found it on level 4 of the Dungeon)
  3741 | D:4      | Reached XP level 7. HP: 52/52 MP: 15/15
  3926 | D:4      | Reached skill level 7 in Unarmed Combat
  4160 | D:4      | Found a shattered altar of Ashenzari.
  4595 | D:5      | Entered Level 5 of the Dungeon
  4625 | D:5      | Noticed Typee's ghost (amateur GnWn)
  4770 | D:5      | Found an iron altar of Okawaru.
  5106 | D:5      | Reached XP level 8. HP: 60/60 MP: 14/16
  5968 | D:6      | Learned a level 3 spell: Conjure Flame
  6323 | D:5      | Killed Typee's ghost
  6438 | D:5      | Found a basalt altar of Yredelemnul.
  6707 | D:6      | You fall through a shaft!
  7004 | D:6      | Found a staircase to the Ecumenical Temple.
  7013 | Temple   | Entered the Ecumenical Temple
  7197 | Temple   | Became a worshipper of the Wu Jian Council
  7274 | D:6      | Found a shimmering altar of Xom.
  7281 | D:6      | Reached XP level 9. HP: 63/66 MP: 18/18
  7308 | D:6      | Learned a level 3 spell: Regeneration
  7384 | D:6      | Reached skill level 5 in Transmutations
  7704 | D:7      | Found a hide-covered altar of Uskayaw.
  7768 | D:7      | Got a flickering copper ring
  8165 | D:7      | Reached skill level 5 in Fighting
  8458 | D:7      | Identified the ring "Folor" {Fire *Corrode rPois Slay+3} (You found it on level 7 of the Dungeon)
  8773 | D:8      | Reached skill level 8 in Unarmed Combat
  9036 | D:8      | Reached skill level 5 in Invocations
  9091 | D:8      | Reached * piety under Wu Jian
  9339 | D:8      | Gained mutation: Your spells are a little harder to cast, but a little more powerful. [potion of mutation]
  9339 | D:8      | Lost mutation: Your spells are a little harder to cast, but a little more powerful. [potion of mutation]
  9339 | D:8      | Gained mutation: Your mind is acute. (Int +2) [potion of mutation]
  9340 | D:8      | Lost mutation: Your mind is acute. (Int +2) [potion of mutation]
  9340 | D:8      | Gained mutation: You are frail. (-10% HP) [potion of mutation]
  9340 | D:8      | Gained mutation: Your magical capacity is low. (-10% MP) [potion of mutation]
  9340 | D:8      | Gained mutation: Your movements are slightly less encumbered by armour. (ER -2) [potion of mutation]
  9713 | D:9      | Reached XP level 10. HP: 60/66 MP: 18/18
  9942 | D:9      | Found a radiant altar of Vehumet.
 10029 | D:9      | Learned a level 4 spell: Ice Form
 10034 | D:9      | Learned a level 4 spell: Passage of Golubria
 10315 | D:9      | Found a deep blue altar of Sif Muna.
 10531 | D:9      | Reached skill level 5 in Short Blades
 10531 | D:9      | Reached skill level 5 in Long Blades
 10531 | D:9      | Reached skill level 5 in Axes
 10531 | D:9      | Reached skill level 5 in Maces & Flails
 10531 | D:9      | Reached skill level 5 in Polearms
 10531 | D:9      | Reached skill level 5 in Staves
 10531 | D:9      | Reached skill level 5 in Slings
 10531 | D:9      | Reached skill level 5 in Bows
 10531 | D:9      | Reached skill level 5 in Crossbows
 10531 | D:9      | Reached skill level 5 in Throwing
 10531 | D:9      | Reached skill level 5 in Armour
 10531 | D:9      | Reached skill level 5 in Stealth
 10531 | D:9      | Reached skill level 5 in Shields
 10531 | D:9      | Reached skill level 5 in Evocations
 10944 | D:9      | Found a staircase to the Orcish Mines.
 11110 | D:10     | Entered Level 10 of the Dungeon
 11145 | D:10     | Noticed Sonja
 11339 | D:10     | Found a shadowy altar of Dithmenos.
 11459 | D:10     | Killed Sonja
 12039 | D:10     | Learned a level 4 spell: Sticky Flame
 12051 | D:10     | Reached ** piety under Wu Jian
 12141 | D:11     | Noticed a death yak
 12160 | D:11     | Noticed a death yak
 12160 | D:11     | Reached XP level 11. HP: 73/73 MP: 20/20
 12162 | D:11     | Noticed a death yak
 12177 | D:10     | Killed a death yak
 12346 | D:11     | Found a staircase to the Lair.
 12351 | D:11     | Noticed a cyan ugly thing
 12356 | Lair:1   | Entered Level 1 of the Lair of Beasts
 12360 | Lair:1   | Killed a cyan ugly thing
 12463 | Lair:1   | Lost mutation: You are frail. (-10% HP) [potion of mutation]
 12463 | Lair:1   | Lost mutation: Your movements are slightly less encumbered by armour. (ER -2) [potion of mutation]
 12463 | Lair:1   | Lost mutation: Your magical capacity is low. (-10% MP) [potion of mutation]
 12463 | Lair:1   | Gained mutation: You are clumsy. (Dex -2) [potion of mutation]
 12463 | Lair:1   | Gained mutation: Your muscles are strong. (Str +2) [potion of mutation]
 12463 | Lair:1   | Gained mutation: You are robust. (+10% HP) [potion of mutation]
 12463 | Lair:1   | Gained mutation: You are partially covered in slimy green scales. (AC +2) [potion of mutation]
 12576 | Lair:1   | Noticed Nergalle
 12666 | Lair:1   | Reached skill level 9 in Unarmed Combat
 12906 | Lair:1   | Reached skill level 5 in Conjurations
 12906 | Lair:1   | Reached skill level 5 in Hexes
 12906 | Lair:1   | Reached skill level 5 in Charms
 12906 | Lair:1   | Reached skill level 5 in Summonings
 12906 | Lair:1   | Reached skill level 5 in Necromancy
 12906 | Lair:1   | Reached skill level 5 in Translocations
 12906 | Lair:1   | Reached skill level 5 in Fire Magic
 12906 | Lair:1   | Reached skill level 5 in Ice Magic
 12906 | Lair:1   | Reached skill level 5 in Air Magic
 12906 | Lair:1   | Reached skill level 5 in Earth Magic
 12906 | Lair:1   | Reached skill level 5 in Poison Magic
 13029 | Lair:1   | Noticed an oklob plant
 13125 | Lair:1   | Noticed an oklob plant
 13227 | Lair:2   | Noticed a queen ant
 13250 | Lair:2   | Killed a queen ant
 13579 | Lair:2   | Reached *** piety under Wu Jian
 14534 | Lair:2   | Learned a level 5 spell: Blade Hands
 14746 | Lair:2   | Reached XP level 12. HP: 100/100 MP: 24/24
 16488 | Lair:3   | Found a frozen archway.
 16523 | Lair:3   | Reached **** piety under Wu Jian
 17041 | Lair:3   | Found a hole to the Spider Nest.
 17137 | Lair:3   | Got a smoking halberd
 17184 | Lair:3   | Identified the +2 halberd of the Bear {holy, Fragile +Fly MR+} (You found it on level 3 of the Lair of Beasts)
 18114 | Lair:4   | Reached skill level 10 in Unarmed Combat
 18239 | Lair:4   | Found a staircase to the Swamp.
 18708 | Lair:4   | Got a brightly glowing shield
 19231 | Lair:4   | Reached XP level 13. HP: 107/107 MP: 26/26
 20884 | Lair:5   | Found a staircase to the Slime Pits.
 20911 | Lair:6   | Entered Level 6 of the Lair of Beasts
 20967 | Lair:6   | Identified the cursed -7 shield "Eseitt" {rElec rN++ Slay+4} (You found it on level 4 of the Lair of Beasts)
 21388 | Lair:6   | HP: 4/108 [something (11)]
 22559 | Lair:6   | Reached ***** piety under Wu Jian
 24476 | Lair:6   | Reached skill level 10 in Spellcasting
 24513 | Lair:6   | Reached XP level 14. HP: 113/118 MP: 28/28
 25581 | D:11     | Reached skill level 10 in Dodging
 25828 | D:11     | Reached skill level 11 in Unarmed Combat
 26429 | D:12     | Annihilated by a very large slime creature

Vault maps used:
D:1:      dpeg_arrival_more_subterranean_lakeside_camping, kennysheep_boxes
D:3:      uniq_crazy_yiuf_cottage
D:4:      serial_shops, shop, nicolae_ashenzari_panopticon
D:5:      lemuel_zombie_altar_yredelemnul, lemuel_doored_altar, first_bread
D:6:      tgw_xom, temple_hall, minmay_misc_feat_square
D:7:      kennysheep_little_box
D:9:      vehumet_altar_wand_db, marbit_many_paths
D:10:     basic_altar, uniq_sonja
D:11:     dpeg_lair_monsters
Temple:   eino_temple_scatter_basement
Lair:1:   lemuel_slime, disabler_island, uniq_nergalle
Lair:2:   zaba_anthell, serial_bayou_shore_a
Lair:3:   dummy_spider_entry, portal_ice_cave_entry_ice_beasts,
          serial_bayou_shore_b
Lair:4:   swamp_mist_pool
Lair:5:   minmay_slime_entry_oklob_open
Lair:6:   hangedman_lair_tendril_chambers, guppyfry_lair_end_dragon,
          lab_entry_generic, minmay_lair_oklob_chamber

Skill      XL: |  1  2  3  4  5  6  7  8  9 10 11 12 13 14 |
---------------+-------------------------------------------+-----
Spellcasting   | 5 6 7 8 9 10 | 10.3
Invocations    | 1 2 3 4 5 6 7 8 9 |  9.8
Short Blades   | 1 2 3 4 5 6 7 8 9 |  9.0
Long Blades    | 1 2 3 4 5 6 7 8 9 |  9.0
Axes           | 1 2 3 4 5 6 7 8 9 |  9.0
Maces & Flails | 1 2 3 4 5 6 7 8 9 |  9.0
Polearms       | 1 2 3 4 5 6 7 8 9 |  9.0
Staves         | 1 2 3 4 5 6 7 8 9 |  9.0
Slings         | 1 2 3 4 5 6 7 8 9 |  9.0
Bows           | 1 2 3 4 5 6 7 8 9 |  9.0
Crossbows      | 1 2 3 4 5 6 7 8 9 |  9.0
Throwing       | 1 2 3 4 5 6 7 8 9 |  9.0
Armour         | 1 2 3 4 5 6 7 8 9 |  9.0
Stealth        | 1 2 3 4 5 6 7 8 9 |  9.0
Shields        | 1 2 3 4 5 6 7 8 9 |  9.0
Evocations     | 1 2 3 4 5 6 7 8 9 |  9.0
Conjurations   | 1 2 3 4 5 6 7 |  7.5
Hexes          | 1 2 3 4 5 6 7 |  7.5
Charms         | 1 2 3 4 5 6 7 |  7.5
Summonings     | 1 2 3 4 5 6 7 |  7.5
Necromancy     | 1 2 3 4 5 6 7 |  7.5
Translocations | 1 2 3 4 5 6 7 |  7.5
Fire Magic     | 1 2 3 4 5 6 7 |  7.5
Ice Magic      | 1 2 3 4 5 6 7 |  7.5
Air Magic      | 1 2 3 4 5 6 7 |  7.5
Earth Magic    | 1 2 3 4 5 6 7 |  7.5
Poison Magic   | 1 2 3 4 5 6 7 |  7.5
Fighting       | 3 4 5 6 7 8 9 |  9.4
Transmutations | 4 5 6 7 8 |  8.5
Dodging        | 5 6 7 8 9 10 | 10.1
Unarmed Combat | 7 8 9 10 11 | 11.0

Action                   |  1- 3 |  4- 6 |  7- 9 | 10-12 | 13-15 || total
-------------------------+-------+-------+-------+-------+-------++-------
Melee: Unarmed           |    84 |   115 |   319 |   661 |   448 ||  1627
       Headbutt          |     7 |     3 |     7 |       |       ||    17
       Kick              |     4 |    12 |     9 |       |       ||    25
       Bite              |     5 |     9 |    14 |    28 |    48 ||   104
       Punch             |       |     2 |     2 |     5 |     7 ||    16
Throw: Stone             |       |     2 |     5 |     3 |     1 ||    11
       Javelin           |       |       |     9 |     4 |       ||    13
       Tomahawk          |       |       |     4 |       |       ||     4
 Cast: Beastly Appendage |    18 |    11 |    11 |       |       ||    40
       Spider Form       |     1 |     5 |    31 |    14 |       ||    51
       Sticks to Snakes  |       |     3 |     4 |     7 |     1 ||    15
       Conjure Flame     |       |       |     4 |     1 |     2 ||     7
       Ice Form          |       |       |       |    23 |     9 ||    32
       Regeneration      |       |       |       |    27 |    16 ||    43
       Sticky Flame      |       |       |       |     9 |       ||     9
       Blade Hands       |       |       |       |    18 |    42 ||    60
 Abil: End Transformatio |       |       |       |       |     6 ||     6
Evoke: Wand              |       |       |       |    10 |    27 ||    37
  Use: Scroll            |       |     5 |     5 |    14 |     9 ||    33
       Potion            |       |       |     2 |     2 |     2 ||     6
 Stab: Sleeping          |     2 |     4 |     8 |     7 |     2 ||    23
       Distracted        |       |     1 |     1 |       |       ||     2
  Eat: Chunk             |     1 |     8 |    17 |    35 |    32 ||    93
       Royal jelly       |       |       |     1 |     3 |     1 ||     5
       Fruit             |       |       |     2 |       |       ||     2
Armor: Robe              |    14 |     9 |    16 |       |       ||    39
       Skin              |       |       |     5 |    38 |     9 ||    52
       Leather armour    |       |       |       |    56 |    37 ||    93
       Swamp dragon scal |       |       |       |       |    39 ||    39
Dodge: Dodged            |    47 |    70 |   249 |   445 |   279 ||  1090
Block: Buckler           |       |       |       |    53 |    24 ||    77

Table legend:
 A = Spawn XP
 B = Non-spawn XP
 C = Spawn XP percentage of total XP
 D = Spawn monster count
 E = Non-spawn monster count
 F = Spawn count percentage of total count
 G = Total turns spent on level
                    A         B        C        D         E        F      G
               +---------+---------+-------+---------+---------+-------+---------
         Total |       0 |   66298 |   0.0 |       0 |     483 |   0.0 | 26429
               +---------+---------+-------+---------+---------+-------+---------
           D:1 |       0 |      56 |   0.0 |       0 |      30 |   0.0 |   968
           D:2 |       0 |      61 |   0.0 |       0 |      20 |   0.0 |  1280
           D:3 |       0 |      77 |   0.0 |       0 |      25 |   0.0 |  1030
           D:4 |       0 |     841 |   0.0 |       0 |      24 |   0.0 |  1482
           D:5 |       0 |     885 |   0.0 |       0 |      22 |   0.0 |  1255
           D:6 |       0 |     618 |   0.0 |       0 |      19 |   0.0 |  1175
           D:7 |       0 |    1175 |   0.0 |       0 |      18 |   0.0 |  1297
           D:8 |       0 |     907 |   0.0 |       0 |      14 |   0.0 |  1006
           D:9 |       0 |    2445 |   0.0 |       0 |      31 |   0.0 |  1768
          D:10 |       0 |    2676 |   0.0 |       0 |      18 |   0.0 |   748
          D:11 |       0 |    6216 |   0.0 |       0 |      28 |   0.0 |   906
          D:12 |       0 |    1068 |   0.0 |       0 |       9 |   0.0 |   101
        Lair:1 |       0 |    2592 |   0.0 |       0 |      12 |   0.0 |  1390
        Lair:2 |       0 |    8701 |   0.0 |       0 |      66 |   0.0 |  2434
        Lair:3 |       0 |    7196 |   0.0 |       0 |      37 |   0.0 |  1859
        Lair:4 |       0 |    4524 |   0.0 |       0 |      21 |   0.0 |  1857
        Lair:5 |       0 |    2646 |   0.0 |       0 |      17 |   0.0 |  2202
        Lair:6 |       0 |   23614 |   0.0 |       0 |      72 |   0.0 |  3477
               +---------+---------+-------+---------+---------+-------+---------
